Map: Heavy Artillery LE

Players

Massa

  • Race: Terran Terran
  • League: Platinum
  • Spawn Location: 3:00

qqq

  • Race: Zerg Zerg
  • League: Platinum
  • Spawn Location: 1:00

xlon - Winner!

  • Race: Terran Terran
  • League: Diamond
  • Spawn Location: 7:00

supernoob - Winner!

  • Race: Terran Terran
  • League: Master
  • Spawn Location: 7:00

VOD

Have the link to the VOD?

Description

Time

  • Played on: Jan. 23, 2021, 7:26 a.m.
  • Length: 20:13
Show
View Real Time Build Order
Export as new Build Order

Massa Terran 

Build Orders:  

Get SALT Encoding   

  12  0:00  SCV  
  13  0:12  SCV  
  14  0:24  SCV, Supply Depot  
  15  0:42  Refinery  
  15  0:45  SCV  
  15  0:47  Barracks  
  16  0:57  SCV  
  17  1:09  SCV  
  18  1:21  SCV  
  19  1:37  Orbital Command  
  20  1:43  Bunker  
  20  1:45  Marine  
  20  2:02  SCV  
  20  2:03  Marine  
  22  2:10  Command Center  
  22  2:16  SCV, Supply Depot  
  23  2:32  Factory  
  23  2:37  Marine  
  23  2:39  SCV  
  25  2:55  SCV, Marine  
  27  3:02  Command Center  
  27  3:14  Barracks Tech Lab  
  27  3:17  Hellion  
  29  3:23  Supply Depot  
  29  3:27  SCV  
  29  3:29  Orbital Command  
  30  3:38  Factory Tech Lab  
  30  3:39  SCV  
  30  3:40  Stimpack  
  31  3:51  SCV  
  32  3:56  Supply Depot  
  32  3:59  Siege Tank  
  35  4:04  SCV  
  35  4:06  Refinery  
  35  4:07  Refinery  
  35  4:08  SCV  
  37  4:14  Orbital Command  
  37  4:16  SCV  
  38  4:20  SCV  
  39  4:28  SCV  
  39  4:31  Engineering Bay, Marine  
  41  4:37  SCV  
  42  4:40  SCV  
  42  4:45  Barracks  
  42  4:47  Barracks  
  42  4:48  Marine  
  42  4:49  SCV  
  42  4:52  SCV  
  44  5:05  SCV x2  
  44  5:06  SCV  
  45  5:11  Engineering Bay  
  43  5:16  Supply Depot  
  43  5:17  SCV, Marine  
  43  5:18  SCV x2, Supply Depot  
  45  5:29  Cyclone  
  45  5:30  Combat Shield  
  45  5:33  SCV  
  45  5:35  Marine  
  50  5:38  Refinery  
  50  5:39  SCV  
  50  5:40  Refinery  
  50  5:45  SCV  
  51  5:51  SCV  
  51  5:52  Marine  
  51  5:54  Starport, Barracks Reactor  
  51  5:55  Barracks Tech Lab  
  53  5:57  SCV  
  53  5:58  SCV  
  53  6:03  SCV  
  56  6:10  Marine  
  57  6:12  SCV x2  
  57  6:16  SCV, Terran Infantry Weapons Level 1  
  57  6:18  Terran Infantry Armor Level 1  
  60  6:21  Missile Turret  
  60  6:24  SCV x2, Concussive Shells  
  62  6:35  SCV  
  62  6:36  SCV x2  
  65  6:44  Starport Reactor  
  65  6:46  Marine x3  
  65  6:47  SCV, Marauder  
  70  6:48  Siege Tank  
  74  7:03  Marine, Supply Depot  
  74  7:04  Marauder, Marine  
  74  7:07  Missile Turret  
  74  7:08  SCV x3, Marauder  
  83  7:17  Command Center  
  83  7:20  SCV x3, Missile Turret  
  83  7:21  Marine x2  
  88  7:26  Marauder, Siege Tank  
  88  7:29  Marauder, Medivac x2  
  99  7:37  Barracks  
  99  7:39  Barracks, Marine  
  99  7:43  Factory  
  100  7:48  Missile Turret  
  100  7:49  Refinery  
  100  7:52  Missile Turret  
  100  7:56  Missile Turret  
  100  7:58  Missile Turret  
  100  8:01  Sensor Tower  
  100  8:05  SCV  
  100  8:07  Sensor Tower  
  101  8:17  Supply Depot x2  
  101  8:18  Supply Depot  
  101  8:29  SCV x3, Medivac  
  106  8:41  SCV x3, Supply Depot  
  109  8:43  Supply Depot  
  109  8:44  Supply Depot  
  109  8:53  SCV  
  103  9:53  Marauder  
  103  9:54  Barracks Reactor, Barracks Tech Lab, Marauder, Marine x2  
  103  9:56  Siege Tank  
  103  9:57  Factory Tech Lab  
  97  10:11  Medivac x2  
  97  10:12  Marine x2  
  100  10:15  Marauder x2  
  95  10:28  Marine, Siege Tank  
  96  10:30  Marine x2  
  96  10:33  Siege Tank  
  102  10:36  Marauder  
  102  10:37  Marauder  
  102  10:38  Armory  
  102  10:41  Armory, Medivac x2  
  110  10:46  Marine  
  110  10:48  Marine x2  
  104  10:58  Marauder x2  
  104  11:00  Siege Tank  
  111  11:04  Marine  
  111  11:05  Marine, Siege Tank  
  111  11:06  Marine  
  104  11:20  Marauder, Marine  
  104  11:21  Marauder, Marine  
  104  11:22  Marauder  
  104  11:23  Marine x2  
  110  11:32  Siege Tank  
  109  11:37  Siege Tank  
  109  11:38  Marine  
  109  11:39  Marine  
  99  11:41  Marauder, Marine x3  
  99  11:43  Marine  
  103  11:56  Marine  
  103  11:57  Marine  
  103  11:59  Marine x2  
  103  12:00  Marauder  
  109  12:02  Marauder  
  109  12:03  Marauder  
  109  12:04  Siege Tank  
  109  12:06  Drilling Claws  
  116  12:09  Siege Tank, Terran Vehicle Weapons Level 1  
  116  12:10  Terran Infantry Weapons Level 2  
  116  12:14  Marine x2  
  121  12:17  Marine x2  
  121  12:21  Marauder  
  125  12:22  Marine  
  125  12:24  Marine  
  120  12:37  Siege Tank  
  119  12:38  Marine  
  119  12:39  Marine x3, Command Center  
  119  12:41  Marauder, Siege Tank  
  119  12:42  Marauder  
  119  12:43  Marauder  
  129  12:56  Marine x4  
  129  13:02  Marauder  
  129  13:03  Marine x2  
  124  13:09  Siege Tank  
  100  13:13  Siege Tank  
  100  13:14  Marine x4  
  100  13:18  SCV x3  
  107  13:21  Marauder, Marine  
  107  13:23  Marine  
  107  13:24  Smart Servos  
  111  13:28  Mag-Field Accelerator  
  111  13:30  SCV x3  
  111  13:31  Marine  
  111  13:32  Marine x2  
  111  14:06  Missile Turret x2  
  111  14:07  Missile Turret  
  111  14:08  Terran Vehicle Weapons Level 2, Missile Turret  
  111  14:11  Terran Vehicle And Ship Armor Level 1  
  111  14:15  Planetary Fortress  
  111  14:20  SCV x4  
  111  14:21  Missile Turret x4  
  115  14:27  Missile Turret  
  115  14:32  SCV x4  
  119  14:44  SCV x3  
  122  14:47  Marauder x3, Marine  
  122  14:48  Marine x3  
  122  14:50  Medivac  
  122  14:51  Refinery x2  
  134  14:59  Barracks x2  
  134  15:05  Marine x4  
  138  15:08  Marauder x2  
  138  15:09  Marauder  
  144  15:19  Terran Infantry Weapons Level 3  
  144  15:23  Marine x4  
  148  15:29  Marauder  
  148  15:30  Marauder x2  
  149  15:41  Marine x4  
  142  15:50  Supply Depot  
  142  15:51  Marauder x3  
  142  15:53  Supply Depot  
  147  15:58  Marine  
  139  16:12  Marauder  
  139  16:13  Marauder x2  
  139  16:17  Supply Depot x2  
  143  16:27  Command Center  
  143  16:30  Factory Tech Lab  
  143  16:34  Marauder x3  
  149  16:40  Supply Depot  
  149  16:41  Supply Depot  
  149  16:45  Sensor Tower  
  149  16:47  Missile Turret x3  
  149  16:48  Missile Turret  
  149  16:58  Marauder x3, Marine  
  149  16:59  Marine x4  
  149  17:01  Barracks Tech Lab  
  160  17:05  Medivac x2  
  160  17:07  Missile Turret x2  
  160  17:08  Missile Turret, Supply Depot  
  160  17:16  Marine  
  160  17:17  Marine x4  
  160  17:19  Marauder  
  160  17:20  Marauder x2  
  171  17:28  Missile Turret  
  171  17:34  Marine  
  171  17:35  Medivac x2  
  161  17:39  Siege Tank x2  
  161  17:41  Marauder x3, Marine  
  161  17:42  Marauder, Marine x3  
  159  17:52  Marine  
  153  17:59  Marine  
  153  18:00  Marine x3  
  153  18:02  Marauder x3  
  153  18:03  Marine  
  153  18:05  Medivac x2  
  163  18:11  Siege Tank  
  151  18:15  Marine  
  125  18:21  Marauder  
  125  18:23  Marauder  
  125  18:24  Marauder x2  
  125  18:25  Thor  
  122  18:34  Orbital Command  
  122  18:35  Medivac x2  
  126  18:41  Refinery  
  114  19:31  Marauder x4, Marine x5  
  127  19:44  Command Center  
  127  19:49  Marine x5  
  127  19:52  Marauder  
Show
View Real Time Build Order
Export as new Build Order

qqq Zerg 

Build Orders: Hatch First 

Get SALT Encoding   

  12  0:01  Drone  
  13  0:10  Drone  
  14  0:18  Overlord  
  14  0:45  Hatchery  
  14  0:48  Drone  
  14  0:51  Drone  
  15  0:57  Drone  
  16  1:04  Drone  
  17  1:12  Drone  
  18  1:22  Spawning Pool  
  18  1:23  Extractor  
  16  1:28  Drone  
  17  1:37  Drone  
  18  1:50  Drone  
  19  1:55  Drone  
  20  2:09  Roach Warren  
  20  2:11  Drone  
  20  2:12  Drone x2  
  24  2:22  Queen  
  26  2:34  Lair  
  24  2:42  Overlord  
  24  2:43  Zergling x2  
  24  2:44  Drone  
  24  2:46  Drone  
  24  2:51  Roach  
  28  2:57  Overlord  
  28  3:00  Queen  
  28  3:03  Drone  
  28  3:04  Drone  
  32  3:07  Roach  
  32  3:10  Drone  
  35  3:17  Drone  
  36  3:26  Extractor  
  35  3:29  Roach  
  35  3:34  Glial Reconstitution  
  37  3:35  Drone x3  
  37  3:36  Drone  
  41  3:43  Roach  
  41  3:44  Overlord  
  41  3:46  Drone  
  44  3:53  Overlord  
  45  4:02  Drone  
  45  4:04  Roach  
  45  4:07  Evolution Chamber  
  45  4:09  Evolution Chamber  
  45  4:10  Drone x2  
  45  4:11  Drone x2  
  45  4:15  Extractor  
  45  4:16  Roach x2  
  52  4:21  Drone  
  52  4:27  Spore Crawler  
  52  4:29  Spore Crawler  
  50  4:45  Spire  
  49  4:55  Roach x3  
  54  5:00  Drone x3  
  54  5:01  Drone x3  
  54  5:22  Roach x2  
  54  5:23  Roach  
  54  5:24  Drone x2  
  58  5:38  Roach  
  60  5:44  Extractor  
  59  5:55  Overlord  
  59  5:56  Hatchery, Overlord x3  
  59  5:57  Overlord  
  58  6:06  Hatchery  
  57  6:12  Roach  
  57  6:13  Drone  
  60  6:25  Roach  
  62  6:26  Drone  
  63  6:42  Mutalisk x2  
  63  6:43  Mutalisk x2  
  53  7:09  Mutalisk x2  
  53  7:13  Drone  
  53  7:14  Overlord x2  
  58  7:18  Drone  
  59  7:28  Drone x2  
  61  7:35  Queen  
  61  7:36  Drone  
  61  7:37  Drone x3  
  66  7:39  Mutalisk  
  66  7:40  Mutalisk  
  66  7:41  Zergling x2  
  66  7:43  Drone x2  
  74  8:07  Mutalisk x3  
  74  8:11  Drone x3  
  74  8:12  Drone x2  
  83  8:16  Mutalisk  
  85  8:22  Zerg Flyer Weapons Level 1  
  81  8:37  Drone x5  
  84  8:45  Extractor  
  84  8:47  Extractor  
  82  8:53  Mutalisk x3  
  88  8:58  Drone x3  
  91  9:04  Hatchery, Spore Crawler  
  91  9:05  Infestation Pit  
  91  9:06  Hatchery, Zergling x4  
  91  9:07  Drone x2  
  91  9:09  Zerg Melee Weapons Level 1  
  91  9:12  Hatchery  
  91  9:15  Overlord x6  
  91  9:16  Drone x2  
  92  9:18  Zergling x2  
  79  9:46  Mutalisk  
  79  9:47  Mutalisk x3  
  79  9:49  Drone x4  
  79  9:50  Drone x2  
  79  9:51  Zergling x6  
  94  9:57  Mutalisk  
  94  9:58  Zergling x4  
  95  10:05  Mutalisk  
  93  10:07  Drone x2  
  86  10:29  Spine Crawler  
  86  10:30  Drone x3  
  86  10:31  Drone  
  86  10:32  Spore Crawler  
  88  10:38  Spine Crawler  
  88  10:39  Spore Crawler  
  88  10:40  Spine Crawler x2  
  88  10:41  Spore Crawler  
  88  10:42  Mutalisk x3  
  83  10:43  Zergling x4  
  83  10:44  Zergling x6  
  83  10:51  Hive  
  83  10:55  Zerg Flyer Armor Level 1  
  76  10:59  Corruptor x2  
  76  11:01  Zergling x10  
  76  11:02  Zergling x8  
  86  11:04  Drone x3  
  86  11:08  Extractor x2  
  86  11:13  Mutalisk  
  86  11:14  Mutalisk  
  89  11:22  Metabolic Boost  
  77  11:36  Mutalisk x2  
  61  11:48  Mutalisk  
  61  11:50  Drone x3  
  61  11:51  Drone x6  
  63  11:58  Zergling x8  
  63  11:59  Drone x3  
  64  12:10  Drone x4  
  66  12:16  Spine Crawler  
  66  12:19  Mutalisk x2  
  67  12:30  Drone x3  
  67  12:31  Drone x4  
  74  12:40  Drone  
  74  12:41  Drone x3  
  74  12:43  Hatchery, Spine Crawler, Spore Crawler  
  75  12:45  Spore Crawler  
  75  12:46  Drone, Spine Crawler  
  75  12:48  Extractor  
  75  12:50  Extractor  
  72  12:55  Drone x4  
  76  13:01  Zerg Flyer Weapons Level 2  
  68  13:08  Corruptor x2  
  66  13:14  Drone x6  
  66  13:15  Drone x2  
  74  13:24  Drone  
  74  13:25  Drone x3  
  78  13:33  Drone x3  
  81  13:36  Spine Crawler  
  81  13:39  Mutalisk x3  
  81  13:40  Mutalisk  
  88  13:42  Drone x3  
  91  13:53  Zergling x2  
  91  13:54  Zergling x8  
  96  13:59  Drone  
  96  14:00  Drone x4  
  96  14:02  Viper  
  101  14:08  Extractor  
  101  14:09  Drone x2  
  105  14:21  Ultralisk Cavern  
  104  14:25  Mutalisk x2  
  104  14:26  Drone  
  104  14:27  Drone x7  
  116  14:36  Extractor  
  116  14:38  Extractor, Queen  
  114  14:40  Queen  
  114  14:41  Drone x6  
  124  14:54  Zerg Melee Weapons Level 2  
  124  14:55  Zerg Ground Armor Level 1  
  124  14:56  Viper  
  127  15:00  Corruptor x4  
  127  15:02  Drone x4  
  127  15:03  Drone, Zergling x2  
  141  15:13  Ultralisk  
  147  15:15  Queen, Anabolic Synthesis  
  147  15:17  Zerg Flyer Armor Level 2  
  147  15:20  Zergling x12  
  147  15:21  Zergling x4  
  157  15:23  Drone x4  
  157  15:24  Drone  
  151  15:38  Drone x4  
  151  15:39  Zergling x4  
  151  15:55  Ultralisk, Corruptor x3  
  151  15:56  Corruptor x4  
  156  15:58  Chitinous Plating  
  156  16:10  Drone x5  
  154  16:19  Zergling x2  
  154  16:20  Zergling x12  
  161  16:27  Drone x3  
  159  16:34  Zergling x2  
  159  16:35  Mutalisk, Zergling x2  
  159  16:36  Mutalisk  
  159  16:37  Overlord x2  
  159  16:38  Overlord  
  149  16:48  Spine Crawler  
  122  17:06  Ultralisk x5  
  134  17:09  Drone  
  134  17:10  Drone x2  
  137  17:18  Viper  
  139  17:31  Viper  
  139  17:33  Zergling x10  
  139  17:34  Hatchery  
  139  17:36  Hatchery  
  138  17:48  Ultralisk  
  106  17:59  Hydralisk Den  
  96  18:06  Zergling x4  
  96  18:07  Zergling x10  
  91  18:18  Ultralisk  
  91  18:19  Zergling x6  
  94  18:28  Extractor  
  94  18:29  Drone  
  94  18:30  Spine Crawler  
  94  18:31  Spine Crawler  
  94  18:32  Spine Crawler, Spore Crawler  
  90  18:38  Hydralisk x3  
  86  18:53  Ultralisk  
  86  18:54  Zergling x8  
  94  18:57  Drone x2  
  84  19:11  Hydralisk  
  84  19:12  Hydralisk  
  84  19:13  Zergling x2  
  84  19:14  Zergling x2  
  80  19:46  Lurker Den  
  80  19:49  Drone x3  
  63  20:00  Drone  
Show
View Real Time Build Order
Export as new Build Order

xlon Terran - Winner!

Build Orders: 1/1/1 

Get SALT Encoding   

  12  0:00  SCV  
  13  0:12  SCV  
  14  0:17  Supply Depot  
  14  0:24  SCV  
  14  0:27  Refinery  
  15  0:39  SCV  
  16  0:47  Barracks  
  16  0:51  SCV  
  17  1:03  SCV  
  18  1:11  Refinery  
  18  1:15  SCV  
  19  1:27  SCV  
  20  1:35  Factory  
  20  1:39  Orbital Command  
  20  1:43  Supply Depot  
  20  2:05  SCV  
  21  2:16  Command Center  
  20  2:27  Starport  
  20  2:30  SCV  
  21  2:42  SCV  
  22  2:51  Starport  
  22  2:54  SCV, Supply Depot  
  23  3:04  Starport Tech Lab  
  23  3:06  SCV  
  24  3:18  SCV  
  25  3:24  Banshee  
  28  3:28  Starport Reactor  
  28  3:29  SCV  
  28  3:30  SCV  
  28  3:31  Refinery  
  28  3:32  Refinery  
  30  3:35  Widow Mine  
  32  3:41  SCV  
  33  3:54  Orbital Command  
  33  3:55  Marine  
  33  3:57  Widow Mine  
  33  4:01  Hyperflight Rotors  
  36  4:03  SCV  
  36  4:10  Medivac  
  37  4:13  Marine  
  37  4:15  SCV, Medivac  
  43  4:18  Widow Mine  
  43  4:20  SCV  
  46  4:27  SCV  
  47  4:36  Armory  
  47  4:37  SCV  
  48  4:39  SCV  
  49  4:50  SCV  
  50  4:55  Widow Mine, Medivac  
  54  5:30  Factory Tech Lab  
  54  5:32  Terran Vehicle And Ship Armor Level 1  
  54  5:34  Factory  
  54  5:46  SCV x2  
  54  5:49  Viking  
  54  5:52  Viking  
  54  6:04  Supply Depot  
  54  6:05  Supply Depot x2  
  54  6:06  Supply Depot  
  54  6:11  Siege Tank  
  54  6:18  Command Center, Supply Depot  
  54  6:25  Banshee  
  54  6:26  SCV x2  
  59  6:38  SCV  
  60  6:40  SCV  
  60  6:43  Liberator x2, Factory Reactor  
  67  6:50  SCV  
  68  6:55  SCV  
  68  7:02  SCV  
  68  7:07  Barracks Reactor, SCV  
  70  7:13  Barracks  
  70  7:14  SCV  
  70  7:15  Barracks  
  71  7:17  Banshee  
  71  7:19  SCV  
  75  7:24  Hellion x2  
  75  7:29  SCV  
  80  7:33  Viking x2  
  80  7:34  SCV  
  85  7:41  SCV  
  86  7:46  SCV  
  86  7:47  Hellion x2, Siege Tank  
  94  7:53  Terran Vehicle And Ship Armor Level 2, SCV  
  94  7:57  Armory  
  94  7:58  SCV  
  94  8:08  Viking x2  
  94  8:12  Raven  
  98  8:18  SCV x2  
  98  8:19  Marine x2, Siege Tank  
  107  8:21  Refinery  
  107  8:22  Orbital Command  
  107  8:23  Refinery  
  107  8:26  Barracks Tech Lab x2  
  107  8:30  SCV x2  
  109  8:48  Supply Depot  
  109  8:50  Supply Depot  
  109  8:59  Supply Depot  
  109  9:01  Marine x2, Viking x3, Siege Tank  
  109  9:02  Hellion x2, Marauder x2  
  128  9:09  SCV x3  
  131  9:11  Terran Vehicle Weapons Level 1  
  131  9:19  Marine x2  
  131  9:21  SCV  
  131  9:23  Hellion  
  135  9:27  Marine x2  
  130  9:42  Marine x2  
  125  9:45  Hellion, Marauder, Siege Tank  
  125  9:46  Hellion  
  106  10:11  Marine  
  106  10:12  Orbital Command, Hellion, Marine  
  106  10:13  Hellion  
  112  10:15  SCV  
  112  10:18  Siege Tank  
  116  10:23  Banshee  
  119  10:28  Marine  
  119  10:29  Marauder  
  119  10:31  SCV x2  
  119  10:34  Terran Vehicle And Ship Armor Level 3  
  109  11:02  Marine x3  
  109  11:03  Marauder  
  103  11:08  Hellion  
  103  11:09  Hellion x2  
  107  11:14  Banshee, Viking  
  107  11:15  Viking  
  108  11:20  SCV x3, Marauder, Marine x2  
  110  11:30  Hellion x2, Siege Tank  
  111  11:44  Viking  
  111  11:45  Marine  
  111  11:46  Marauder, Marine  
  114  11:55  Marauder  
  114  11:56  Hellion x2, Viking  
  114  11:57  Viking  
  114  11:58  SCV x2  
  126  12:02  Siege Tank  
  123  12:16  SCV x3  
  123  12:17  Hellion  
  128  12:23  Command Center  
  128  12:27  Banshee  
  128  12:28  SCV x2  
  133  12:31  Marine x3  
  133  12:32  Stimpack, Marauder, Combat Shield  
  133  12:34  Siege Tank  
  141  12:40  SCV  
  141  12:41  Engineering Bay  
  141  12:43  Engineering Bay  
  142  12:45  Viking  
  142  12:51  Hellion x2  
  143  13:09  Banshee  
  133  13:13  Hellion x3  
  133  13:14  Viking x2  
  139  13:34  Siege Tank  
  139  13:40  Hellion x2, Marine x3  
  151  13:41  SCV x2, Marauder  
  151  13:52  Terran Vehicle Weapons Level 2, Terran Ship Weapons Level 1  
  151  13:54  Supply Depot  
  151  13:55  Concussive Shells  
  151  13:58  Marine x2  
  151  13:59  SCV x3, Marauder  
  151  14:01  Refinery x2  
  156  14:02  Marauder  
  156  14:07  Medivac x2, Siege Tank  
  156  14:09  Hellion  
  165  14:11  SCV x3  
  165  14:14  Orbital Command  
  165  14:16  Marine x2  
  170  14:20  Marauder, Supply Depot x2  
  170  14:24  Terran Infantry Armor Level 1, Terran Infantry Weapons Level 1  
  172  14:37  Medivac x2  
  176  14:47  Marine x2  
  176  14:48  Marauder x2  
  176  14:49  Hellion x2, Siege Tank  
  176  14:52  SCV  
  190  14:57  Command Center  
  190  15:02  Medivac  
  192  15:07  Medivac  
  192  15:08  Marine x2  
  196  15:26  SCV  
  196  15:27  Marauder  
  199  15:29  Hellion  
  199  15:33  Hellion  
  199  15:34  Siege Tank  
  192  15:39  Marine x2  
  192  15:40  Marauder  
  165  15:49  Marine  
  161  15:50  Hellion, Medivac x2  
  161  15:54  Hellion  
  167  15:57  Marine x2  
  167  16:02  Marauder  
  168  16:06  Siege Tank  
  168  16:07  Marine  
  172  16:12  Hellion  
  172  16:15  Marine x2  
  172  16:16  Hellion  
  178  16:18  Banshee  
  178  16:23  Marauder  
  178  16:24  Marine  
  182  16:27  Viking x2  
  182  16:31  Hellion x4  
  183  16:33  Hellion, Marine x2  
  183  16:37  Hellion  
  183  16:38  Siege Tank  
  192  16:43  Marauder  
  192  16:44  Marine  
  192  16:51  Marine x2  
  193  16:55  Hellion  
  193  16:57  Viking x2  
  193  16:59  Hellion  
  181  17:01  Banshee  
  181  17:02  Marauder  
  181  17:04  Marine  
  184  17:08  Marine  
  184  17:09  Marine  
  184  17:10  Siege Tank  
  179  17:16  Hellion  
  179  17:21  Terran Infantry Weapons Level 2, Marine  
  179  17:22  Terran Infantry Armor Level 2  
  172  17:23  Marine  
  172  17:26  Marine x2  
  172  17:27  Viking  
  174  17:31  Hellion  
  165  17:37  Hellion  
  165  17:39  Marine  
  165  17:41  Marauder  
  165  17:42  Refinery, Siege Tank  
  165  17:43  Refinery  
  173  17:44  Banshee, Marine x2  
  158  17:58  Marauder  
  160  18:05  Marauder, Marine x2  
  143  18:15  Hellion  
  143  18:18  Marine  
  145  18:20  Hellion x2, Medivac x2  
  145  18:22  Marine  
  145  18:26  Marine  
  145  18:27  Banshee, Marauder  
  154  18:36  Siege Tank  
  155  18:50  Medivac x2  
  155  18:51  Marine x4  
  155  18:52  Hellion  
  165  19:00  Hellion  
  164  19:08  Siege Tank  
  164  19:09  Banshee, Marine x2  
  161  19:10  Marauder  
  161  19:12  Marine  
  161  19:14  Hellion  
  160  19:22  Hellion  
  161  19:27  Marine x2  
  161  19:30  Refinery  
  163  19:32  Command Center  
  163  19:35  Hellion, Marine x2  
  163  19:36  Command Center  
  163  19:37  Refinery  
  164  19:40  Siege Tank  
  164  19:43  Hellion  
  164  19:44  Marine  
  164  19:45  Factory, Marine  
  171  19:48  Barracks  
  168  19:53  Marine  
Show
View Real Time Build Order
Export as new Build Order

supernoob Terran - Winner!

Build Orders:  

Get SALT Encoding   

  12  0:00  SCV  
  13  0:12  SCV  
  14  0:17  Supply Depot  
  14  0:24  SCV  
  15  0:38  SCV  
  15  0:40  Barracks  
  16  0:44  Refinery  
  16  0:50  SCV  
  17  1:02  SCV  
  18  1:15  SCV  
  19  1:30  Orbital Command  
  19  1:33  Barracks Reactor  
  19  1:51  Command Center  
  19  1:56  Supply Depot  
  19  1:57  SCV  
  20  2:02  Refinery  
  20  2:09  SCV, Reaper  
  20  2:10  Reaper  
  23  2:21  SCV  
  23  2:33  SCV  
  24  2:43  Factory  
  26  2:45  SCV  
  25  2:56  Refinery  
  25  2:57  SCV  
  26  3:04  Refinery, Orbital Command  
  26  3:09  SCV  
  27  3:17  Barracks Tech Lab  
  27  3:21  SCV  
  27  3:23  Command Center  
  28  3:31  Starport  
  28  3:33  SCV  
  30  3:34  SCV  
  30  3:42  Factory Tech Lab  
  30  3:45  SCV  
  30  3:46  SCV  
  30  3:48  Starport  
  32  3:58  SCV x2  
  32  3:59  Starport  
  34  4:08  Viking  
  36  4:10  SCV x2  
  38  4:22  SCV x2  
  40  4:29  Starport Reactor  
  40  4:30  Armory  
  40  4:33  Armory  
  40  4:34  SCV  
  40  4:35  Viking  
  43  4:41  SCV  
  43  4:43  Bunker  
  43  4:50  SCV  
  42  4:53  SCV  
  42  4:56  SCV  
  41  5:00  Viking  
  41  5:02  Starport Reactor  
  41  5:03  SCV  
  43  5:10  SCV x2  
  43  5:20  SCV  
  42  5:22  SCV x2  
  43  5:29  Viking  
  43  5:32  SCV  
  43  5:34  SCV x2  
  43  5:44  SCV  
  43  5:46  SCV x2  
  46  5:52  Terran Vehicle And Ship Armor Level 1, Terran Ship Weapons Level 1  
  46  5:56  SCV, Viking x2  
  50  5:58  SCV  
  50  5:59  SCV  
  51  6:07  Viking  
  51  6:08  SCV  
  51  6:11  SCV  
  54  6:15  Viking  
  54  6:20  SCV  
  54  6:22  Viking  
  54  6:23  SCV  
  58  6:37  Viking  
  55  6:42  SCV  
  55  6:50  SCV  
  54  6:59  SCV  
  51  7:02  SCV  
  51  7:03  Viking  
  51  7:04  Viking  
  51  7:08  Refinery, SCV  
  57  7:11  SCV  
  58  7:18  SCV  
  57  7:23  Command Center  
  57  7:25  Engineering Bay  
  57  7:31  SCV  
  57  7:32  Viking  
  60  7:37  Smart Servos  
  60  7:39  SCV  
  61  7:45  Supply Depot  
  61  7:47  Supply Depot  
  61  7:55  SCV  
  61  7:56  Viking  
  64  8:00  Supply Depot  
  64  8:06  Viking  
  64  8:08  Viking  
  64  8:09  SCV x2  
  70  8:17  Viking x2  
  74  8:24  SCV x2  
  74  8:25  Missile Turret  
  76  8:29  Missile Turret  
  70  8:40  Viking x2  
  70  8:44  Planetary Fortress  
  70  8:50  SCV x2  
  70  8:54  Terran Ship Weapons Level 2  
  72  9:02  Refinery, SCV  
  74  9:03  Refinery  
  74  9:06  Terran Vehicle And Ship Armor Level 2  
  74  9:14  SCV  
  72  9:24  SCV, Viking  
  67  9:26  SCV  
  61  9:36  SCV  
  53  9:39  Viking x2  
  53  9:40  SCV  
  55  9:47  Orbital Command  
  55  9:48  SCV  
  55  9:50  Viking  
  55  9:52  SCV  
  58  9:58  Missile Turret  
  58  10:00  SCV  
  58  10:01  Viking  
  58  10:04  SCV  
  62  10:12  SCV  
  62  10:13  SCV  
  64  10:15  Planetary Fortress  
  64  10:16  SCV  
  64  10:18  Command Center  
  65  10:24  SCV  
  65  10:25  SCV  
  67  10:29  SCV  
  67  10:35  Viking x3  
  70  10:36  SCV  
  70  10:38  SCV  
  70  10:40  Refinery  
  70  10:41  SCV  
  77  10:45  Viking  
  77  10:48  SCV  
  80  10:50  SCV  
  80  10:53  SCV  
  80  10:54  Neosteel Armor  
  82  10:58  SCV  
  82  10:59  Supply Depot  
  82  11:01  SCV  
  84  11:20  SCV x2, Viking x3  
  92  11:30  SCV x2, Viking x3  
  92  11:32  SCV x2  
  102  11:36  Terran Ship Weapons Level 3  
  102  11:37  SCV  
  103  11:42  SCV x2  
  103  11:44  SCV x2  
  105  11:50  Viking  
  107  11:55  SCV x3  
  107  11:56  SCV  
  107  11:58  Supply Depot  
  107  11:59  Supply Depot  
  107  12:00  Refinery x2, Supply Depot  
  107  12:01  Supply Depot  
  105  12:02  Supply Depot  
  105  12:03  Viking  
  105  12:04  Viking x3  
  105  12:06  Supply Depot  
  105  12:07  SCV, Supply Depot  
  112  12:11  SCV  
  112  12:12  Viking  
  105  12:33  Viking  
  105  12:34  Viking x2  
  105  12:35  SCV  
  105  12:36  Viking  
  104  12:40  Starport  
  104  12:44  Terran Vehicle And Ship Armor Level 3, Supply Depot  
  104  12:49  SCV, Command Center, Supply Depot  
  105  12:56  SCV x2  
  107  12:59  Missile Turret  
  107  13:02  Missile Turret  
  107  13:04  Viking  
  109  13:10  SCV x2, Viking  
  109  13:12  Missile Turret  
  113  13:13  Viking, Missile Turret  
  113  13:16  SCV  
  113  13:17  SCV  
  113  13:18  Hi-Sec Auto Tracking, Starport Reactor  
  117  13:20  Starport  
  117  13:26  SCV  
  118  13:29  Planetary Fortress  
  118  13:30  Viking x2  
  118  13:32  SCV x2  
  118  13:33  Refinery  
  124  13:34  Refinery  
  124  13:40  Command Center  
  124  13:43  Supply Depot  
  124  13:44  SCV x4  
  128  13:50  Viking  
  128  13:51  Viking  
  132  13:56  SCV x3  
  132  13:57  Supply Depot  
  132  14:02  SCV  
  136  14:07  SCV  
  136  14:08  SCV x3  
  140  14:14  SCV  
  141  14:17  Viking x4  
  141  14:18  Starport Reactor  
  141  14:19  SCV  
  141  14:20  Terran Vehicle Weapons Level 1  
  150  14:27  Ghost Academy  
  150  14:30  Ghost Academy  
  150  14:31  Ghost Academy  
  150  14:32  Ghost Academy  
  150  14:34  Ghost Academy  
  150  14:35  Ghost Academy  
  150  14:41  SCV, Barracks  
  150  14:42  SCV x2, Barracks  
  150  14:44  Viking  
  155  14:51  Missile Turret  
  155  14:53  Refinery  
  155  14:55  Viking  
  155  14:56  Missile Turret  
  155  14:57  Refinery, Missile Turret  
  157  15:12  SCV x3  
  157  15:13  Viking x5  
  170  15:23  Nuke x2  
  170  15:24  Nuke x4  
  170  15:26  SCV x2  
  172  15:29  Barracks Tech Lab x2  
  172  15:35  SCV x2  
  174  15:38  Viking  
  174  15:40  Viking x2  
  174  15:51  SCV x2  
  172  15:59  Viking x2  
  172  16:00  Viking x2  
  178  16:05  Viking  
  178  16:06  Enhanced Shockwaves, Viking x2, Personal Cloaking  
  178  16:08  Viking  
  178  16:10  Viking  
  172  16:12  Ghost x3  
  172  16:13  Viking  
  172  16:17  SCV x3  
  165  16:27  Starport  
  165  16:28  Starport  
  165  16:29  Viking x3  
  165  16:30  Starport, Viking  
  173  16:34  Barracks  
  173  16:35  Barracks, Viking  
  173  16:36  Barracks  
  175  16:40  Ghost  
  175  16:43  Refinery  
  177  16:47  Orbital Command  
  177  16:50  Refinery  
  177  16:51  Viking  
  177  16:52  Ghost x2, Viking  
  177  16:53  Viking x3  
  191  16:59  Viking  
  193  17:03  Viking x3  
  199  17:27  Stimpack, Combat Shield  
  199  17:30  Terran Vehicle Weapons Level 2  
  199  17:34  Terran Infantry Weapons Level 1  
  197  17:50  Viking x3  
  197  17:51  Viking  
  197  17:52  Viking  
  197  17:53  Viking  
  195  18:03  Orbital Command  
  173  18:09  Viking x3  
  155  18:13  Ghost, Viking  
  155  18:14  Ghost x2  
  153  18:20  Viking x2  
  153  18:28  Starport Reactor x3  
  153  18:30  Barracks Tech Lab x3  
  153  18:33  Viking x4  
  161  18:39  Viking  
  163  18:42  Ghost x3  
  163  18:46  Concussive Shells  
  169  18:51  Viking x5  
  179  19:02  Viking  
  179  19:03  Viking x3  
  179  19:08  Viking x3  
  179  19:09  Viking  
  185  19:21  Viking  
  183  19:27  Ghost x2  
  183  19:28  Ghost  
  183  19:29  Viking x4  
  197  19:37  Ghost  
Tags
 
Add a new tag
Caveats
  • Supply blocks, unpowered buildings, or Contaminate may cause inaccurate times.
  • Supply counts are checked every 10 seconds.